 Dungeon Crawl Stone Soup version 0.29.1-12-g30fa7ad0bf (webtiles) character file.

Game seed: 11648910764924531867

625 Radix the Digger (level 7, -2/36 HPs)
             Began as a Gargoyle Earth Elementalist on Dec 27, 2022.
             Killed by divine providence
             ... invoked by an orc priest
              (10 damage)
             ... on level 5 of the Dungeon.
             The game lasted 00:24:48 (4452 turns).

Radix the Digger (Gargoyle Earth Elementalist)      Turns: 4452, Time: 00:24:49

Health: -2/36      AC:  5    Str: 11    XL:     7   Next: 47%
Magic:  0/14       EV: 15    Int: 18    God:
Gold:   365        SH:  0    Dex: 10    Spells: 11/15 levels left

rFire   . . .      SeeInvis .   v - +1 dagger (venom)
rCold   . . .      Faith    .   (no shield)
rNeg    + . .      Spirit   .   a - +0 robe
rPois   ∞          Reflect  .   i - +0 helmet
rElec   +          Harm     .   r - +0 cloak
rCorr   .          Rampage  .   c - +0 pair of gloves
Will    .....                   (no boots)
Stlth   ++........              (no amulet)
HPRegen 0.12/turn               B - +4 ring of evasion
MPRegen 0.14/turn               (no ring)

@: corroded
A: sickness immunity, AC +4, negative energy resistance 1, electricity
resistance, torment resistance 1, petrification resistance
a: no special abilities


You were on level 5 of the Dungeon.
You visited 1 branch of the dungeon, and saw 5 of its levels.
You also visited: Sewer.

You collected 365 gold pieces.

Inventory:

Hand Weapons
 e - a +0 dagger
 f - a +0 whip
 p - a +0 spear
 v - a +1 dagger of venom (weapon)
 x - a +0 arbalest
Armour
 a - a +0 robe (worn)
 c - a +0 pair of gloves (worn)
 i - a +0 helmet (worn)
 r - a +0 cloak (worn)
 C - a scarf of harm
Jewellery
 B - a +4 ring of evasion (left hand)
Scrolls
 d - a scroll of silence {unknown}
 h - 2 scrolls of blinking {unknown}
 n - a scroll of noise {unknown}
 q - 2 scrolls of poison {unknown}
 t - 2 scrolls of teleportation {unknown}
 w - a scroll of butterflies {unknown}
 y - 2 scrolls of magic mapping {unknown}
 E - 2 scrolls of identify {unknown}
 F - a scroll of enchant weapon {unknown}
Potions
 b - a potion of magic
 g - 3 potions of haste {unknown}
 j - 2 potions of cancellation {unknown}
 k - 5 potions of heal wounds {unknown}
 l - 3 potions of mutation {unknown}
 m - a potion of brilliance {unknown}
 o - a potion of might {unknown}
 s - 5 potions of curing {unknown}
 u - 2 potions of berserk rage {unknown}
 z - a potion of invisibility {unknown}
 A - a potion of ambrosia {unknown}
 D - a potion of degeneration {unknown}
 G - a potion of lignification {unknown}


   Skills:
 - Level 1.5 Dodging
 - Level 2.1 Stealth
 + Level 4.7 Spellcasting
 + Level 4.0 Conjurations
 - Level 0.7 Transmutations
 + Level 6.7 Earth Magic


You had 11 spell levels left.
You knew the following spells:

 Your Spells              Type           Power      Damage    Failure   Level
a - Sandblast             Erth           56%        2d13      1%          1
b - Stone Arrow           Conj/Erth      46%        3d9       4%          3

Your spell library contained the following spells:

 Spells                   Type           Power      Damage    Failure   Level
 Passwall                 Tmut/Erth      14%        N/A       4%          2
 Shock                    Conj/Air       44%        1d5       6%          1
 Apportation              Tloc           8%         N/A       14%         1
 Necrotise                Necr           16%        1d4       14%         1
 Summon Small Mammal      Summ           16%        N/A       14%         1
 Petrify                  Tmut/Erth      17%        N/A       28%         4
 Swiftness                Air            4%         N/A       38%         3
 Airstrike                Air            2%         2d(1-17)  80%         4


Dungeon Overview and Level Annotations

Branches:
Dungeon (5/15)              Sewer (visited)
 Temple: D:4-7

Altars:
Elyvilon
Nemelex Xobeh
Uskayaw
Yredelemnul

Annotations:
D:5 Duvessa


Innate Abilities, Weirdness & Mutations

You are immune to sickness and miasma.
Your stone body is resilient. (AC +4)
You are immune to poison.
You resist negative energy. (rN+)
You are resistant to electric shocks. (rElec)
You are resistant to unholy torment.
You are immune to petrification.


Message History

Aim: a jelly (100% to hit)
The blast of sand hits the jelly!
The jelly is severely wounded.
The jelly closely misses you. The jelly hits you. The acid corrodes you!
You are splashed with acid!
Aiming: Sandblast (safe; 1% risk of failure)
Press: ? - help, Q - select action, (/) - cycle Shift-Dir - straight line, f/p - jelly
Aim: a jelly (severely wounded, 100% to hit)
You miscast Sandblast.
You are very lightly contaminated with residual magic.
Nothing appears to happen.
The jelly misses you.
You hit the jelly.
The jelly is poisoned.
Your hands burn!
The jelly is almost dead.
You kill the jelly!
Aiming: Sandblast (safe; 1% risk of failure)
Press: ? - help, Q - select action, (/) - cycle Shift-Dir - straight line, f - orc priest
Aim: an orc priest, wielding a +0 dagger and wearing a +0 scale mail (heavily wounded, 85% to hit)
The blast of sand hits the orc priest.
The orc priest is severely wounded.
The orc priest hits you but does no damage.
You hit the orc priest but do no damage.
The orc priest is severely wounded.
The orc priest barely misses you.
You hit the orc priest but do no damage.
The orc priest is severely wounded.
The orc priest casts a cantrip, but nothing happens.
You barely miss the orc priest.
The orc priest is severely wounded.
The orc priest mumbles some strange prayers to Beogh against you.
Beogh smites you!
* * * LOW HITPOINT WARNING * * *
The orc priest attacks as you move away!
The orc priest misses you.
Your magical contamination has completely faded away.
The orc priest attacks as you move away!
The orc priest barely misses you.
The orc priest mumbles some strange prayers to Beogh against you.
Beogh smites you!
You die...

#..............
#.####..#######
#.## #.......# ##
...#...###.#
#...#.#...#
#.........# #
#.....#..##.#.#
......#.......#
...#..#.@######
..........†.#####
J#.#....)o.......
#.##...)##......
......). ......
####.>.## .....
#!..# ..... ....#
.... ..... ....


You could see an orc priest.

Vanquished Creatures
  A black bear (D:5)
  A phantom (D:5)
  A scorpion (D:5)
  2 hounds (D:5)
  A jelly (D:5)
  An iguana (D:4)
  An orc wizard (D:5)
  Robin (D:3)
  12 adders
  4 gnolls
  An ufetubus (D:4)
  A worm (D:2)
  A dart slug (D:1)
  3 orcs (D:5)
  4 endoplasms
  4 giant cockroaches
  14 goblins
  11 hobgoblins
  6 jackals
  3 quokkas
  4 ball pythons
  2 bats
  10 frilled lizards
  11 kobolds
  10 rats
110 creatures vanquished.

Vanquished Creatures (others)
  4 toadstools (D:1)
4 creatures vanquished.

Grand Total: 114 creatures vanquished

Notes
Turn   | Place    | Note
-------+----------+-------------------------------------------
     0 | D:1      | Radix the Gargoyle Earth Elementalist began the quest for
                  | the Orb.
     0 | D:1      | Reached XP level 1. HP: 10/10 MP: 3/3
   249 | D:1      | Reached skill level 4 in Earth Magic
   249 | D:1      | Reached XP level 2. HP: 15/15 MP: 1/5
   613 | D:1      | Reached XP level 3. HP: 19/19 MP: 5/7
  1169 | D:2      | Found a faded altar of an unknown god.
  1505 | D:2      | Reached XP level 4. HP: 21/24 MP: 1/8
  1581 | D:2      | Learned a level 3 spell: Stone Arrow
  2173 | D:3      | Reached skill level 5 in Earth Magic
  2226 | D:3      | Found a hide-covered altar of Uskayaw.
  2306 | D:3      | Noticed Robin
  2329 | D:3      | Reached skill level 1 in Conjurations
  2337 | D:3      | Killed Robin
  2474 | D:3      | Reached XP level 5. HP: 27/28 MP: 4/10
  2539 | D:3      | Found a sparkling altar of Nemelex Xobeh.
  2738 | D:3      | Found a glowing drain.
  2748 | Sewer    | Entered a sewer
  3378 | D:3      | Found a basalt altar of Yredelemnul.
  3774 | D:4      | Reached XP level 6. HP: 22/32 MP: 3/11
  3890 | D:4      | Found a white marble altar of Elyvilon.
  4180 | D:5      | Entered Level 5 of the Dungeon
  4200 | D:5      | Noticed Duvessa
  4217 | D:5      | Reached skill level 6 in Earth Magic
  4322 | D:5      | Reached XP level 7. HP: 34/36 MP: 0/13
  4452 | D:5      | Killed from afar by an orc priest

Illustrated notes

Levels and vault maps discovered:
D:1:      ldierk_walled_garden_2, layout_rooms
D:2:      layout_basic, shapermc_ecumenical_altar_starsandcircs,
          nicolae_underground_beach
D:3:      layout_loops_cross, mainiacjoe_overflow_boulevard,
          amcnicky_altar_gilded, old_standard_altar, portal_sewer_entry_d,
          uniq_robin
D:4:      layout_rooms, elyvilon_altar_5, chequers_serial_rivers_micro_e
D:5:      layout_basic, mainiacjoe_overflow_small_starburst, lemuel_tele_altar,
          uniq_menkaure, uniq_duvessa, uniq_grinder

Skill      XL: |  1  2  3  4  5  6  7 |
---------------+----------------------+-----
Earth Magic    | 4 5 6 |  6.7
Spellcasting   | 3 4 |  4.7
Conjurations   | 1 2 3 4 |  4.0
Dodging        | |  1.5
Stealth        | |  2.1
Transmutations | |  0.7

Action                   |  1- 3 |  4- 6 |  7- 9 || total
-------------------------+-------+-------+-------++-------
Melee: Dagger            |    38 |     7 |     4 ||    49
       Spear             |     3 |    19 |       ||    22
       Whip              |     1 |       |       ||     1
 Cast: Sandblast         |    45 |   100 |    12 ||   157
       Stone Arrow       |       |     3 |     1 ||     4
 Stab: Sleeping          |       |     1 |       ||     1
Armor: Robe              |    22 |    40 |     3 ||    65
Dodge: Dodged            |    34 |    51 |     9 ||    94
